 Dungeon Crawl Stone Soup version 0.26-a0-307-g4e7fcc93f0 (webtiles) character file.

Game seed: 10253696083338645086

1498 Chikkeh the Conjurer (level 9, -1/62 HPs)
             Began as a Human Conjurer on July 14, 2020.
             Was an Initiate of Vehumet.
             Slain by a hippogriff (6 damage)
             ... on level 7 of the Dungeon on July 15, 2020.
             The game lasted 03:15:36 (7266 turns).

Chikkeh the Conjurer (Human Conjurer)               Turns: 7266, Time: 03:15:37

Health: -1/62      AC:  8    Str: 13    XL:     9   Next: 8%
Magic:  11/16      EV: 12    Int: 21    God:    Vehumet [......]
Gold:   370        SH:  0    Dex: 13    Spells: 4/17 levels left

rFire    . . .     SeeInvis .   j - +2 quarterstaff
rCold    + . .     Faith    .   (shield currently unavailable)
rNeg     + . .     Spirit   .   B - +3 leather armour of Lifelessness {rC+ rN+ Str+4}
rPois    .         Reflect  .   u - +0 helmet
rElec    .         Harm     .   D - +0 cloak
rCorr    .                      (no gloves)
MR       .....                  (no boots)
Stlth    +++.......             (no amulet)
HPRegen  0.20/turn              v - ring of stealth
MPRegen  0.15/turn              (no ring)

@: about to teleport
A: agile 1, robust 1, inexperienced 1
a: Renounce Religion


You were on level 7 of the Dungeon.
You worshipped Vehumet.
Vehumet was noncommittal.
You visited 2 branches of the dungeon, and saw 8 of its levels.

You collected 370 gold pieces.

Inventory:

Hand Weapons
 a - a +3 spear
 e - a +1 mace
 j - a +2 quarterstaff (weapon)
Missiles
 b - 8 boomerangs (quivered)
 c - 43 arrows
 d - 162 stones
 h - 30 bolts
 z - 18 poisoned darts
Armour
 r - a +3 leather armour of fire resistance
 u - a +0 helmet (worn)
 B - the +3 leather armour of Lifelessness (worn) {rC+ rN+ Str+4}
   (You found it on level 5 of the Dungeon)

   It affects your strength (+4).
   It protects you from cold.
   It protects you from negative energy.
 D - a +0 cloak (worn)
Jewellery
 v - a ring of stealth (left hand)
Scrolls
 l - a scroll of noise
 n - 2 scrolls of identify
 p - a scroll of immolation
 s - a scroll of enchant weapon
 y - a scroll of enchant armour
 C - 2 scrolls of remove curse
Potions
 f - a potion of might
 i - a potion of stabbing
 m - a potion of heal wounds
 x - 2 potions of resistance
 E - a potion of mutation


   Skills:
 + Level 0.1 Fighting
 - Level 1.1(2.9) Maces & Flails
 + Level 4.3(4.4) Staves
 + Level 2.8 Armour
 + Level 2.6 Dodging
 - Level 3.0 Stealth
 + Level 4.7 Spellcasting
 + Level 7.5 Conjurations
 + Level 4.4 Hexes
 + Level 2.1 Translocations


You had 4 spell levels left.
You knew the following spells:

 Your Spells              Type           Power        Failure   Level
a - Magic Dart            Conj           ####         1%          1
b - Searing Ray           Conj           #####.       1%          2
c - Fulminant Prism       Conj/Hex       ####......   12%         4
d - Iskenderun's Mystic   Conj/Tloc      ####....     19%         4
e - Animate Skeleton      Necr           #.....       14%         1
f - Apportation           Tloc           ##....       6%          1

Your spell library contained the following spells:

 Spells                   Type           Power        Failure   Level
 Corona                   Hex            ###....      2%          1
 Dazzling Flash           Conj/Hex       ####..       3%          3
 Summon Small Mammal      Summ           #...         14%         1


Dungeon Overview and Level Annotations

Branches:
Dungeon (7/15)             Temple (1/1) D:5

Altars:
Dithmenos
Elyvilon
Fedhas
Hepliaklqana
Kikubaaqudgha
Makhleb
Nemelex Xobeh
Okawaru
Qazlal
Ru
Sif Muna
Trog
Vehumet
Wu Jian
Xom
Yredelemnul
Zin
The Shining One

Shops:
D:4 (


Innate Abilities, Weirdness & Mutations

You are somewhat inexperienced. (-2 XL)
You are agile. (Dex +2)
You are robust. (+10% HP)


Message History

* * * LOW HITPOINT WARNING * * *
The hippogriff pecks you.
* * * LOW HITPOINT WARNING * * *
The hippogriff claws you but does no damage.
As you read the scroll of teleportation, it crumbles to dust.
You feel strangely unstable.
You feel sick.
You are no longer poisoned.
The howler monkey hits you!
* * * LOW HITPOINT WARNING * * *
The hippogriff closely misses you.
The hippogriff pecks you but does no damage.
The hippogriff barely misses you.
The howler monkey hits you but does no damage.
Okay, then.
You feel much better. The hippogriff bites you!
* * * LOW HITPOINT WARNING * * *
The hippogriff pecks you!
* * * LOW HITPOINT WARNING * * *
The hippogriff claws you.
You die...

....# #......#
....#
#......######
....#
#...zo.......
....#
#####Z######
..†.# #####z#
....# #.....#
§...#
#..(zh####
§...#
#...Hh##<#
≈≈..#
#####@##.###
5≈≈.# #J##...#
.≈≈.# #......#
.≈§§#
#...#....#
....#
#.#..#.#.#
#####
......#.#.#####
#......#.....#
#.#..#.#####.#
.....#.# #.#


You could see a hippogriff, 2 howler monkeys, a jelly, 3 wights, an orc and a
water moccasin skeleton.

Vanquished Creatures
  Pikel (D:6)
  Grinder (D:5)
  A water moccasin (D:5)
  Duvessa (D:5)
  An ice beast (D:6)
  An ogre (D:4)
  3 lemures (D:6)
  Dowan (D:5)
  A scorpion (D:7)
  2 howler monkeys (D:4)
  2 hounds
  A jelly (D:5)
  2 bullfrog skeletons (D:5)
  An orc priest (D:7)
  2 orc wizards (D:5)
  7 worker ants
  An iguana (D:4)
  2 hound zombies
  A hound skeleton (D:4)
  A howler monkey skeleton (D:4)
  11 adders
  A shadow imp (D:6)
  2 ufetubi (D:5)
  An adder zombie (D:5)
  An ooze (D:1)
  An adder skeleton (D:7)
  5 worms
  2 dart slugs
  2 leopard geckos
  6 orcs
  6 bats
  4 giant cockroaches
  13 goblins
  4 hobgoblins
  6 jackals (D:3)
  4 kobolds
  2 quokkas (D:4)
  A ball python (D:1)
  9 frilled lizards
  A leopard gecko skeleton (D:5)
  11 rats
  A plant (D:6)
127 creatures vanquished.

Vanquished Creatures (others)
  10 fulminant prisms
10 creatures vanquished.

Grand Total: 137 creatures vanquished

Notes
Turn   | Place    | Note
-------+----------+-------------------------------------------
     0 | D:1      | Chikkeh the Human Conjurer began the quest for the Orb.
     0 | D:1      | Reached XP level 1. HP: 13/13 MP: 3/3
   186 | D:1      | Reached XP level 2. HP: 19/19 MP: 1/5
   246 | D:1      | Learned a level 2 spell: Searing Ray
   677 | D:1      | Reached XP level 3. HP: 17/24 MP: 2/6
  1576 | D:2      | Reached skill level 5 in Conjurations
  1576 | D:2      | Reached XP level 4. HP: 30/30 MP: 4/7
  2030 | D:2      | Found a basalt altar of Yredelemnul.
  2035 | D:2      | Found a sacrificial altar of Ru.
  2053 | D:2      | Became a worshipper of Ru the Awakened
  2247 | D:3      | Reached XP level 5. HP: 35/35 MP: 4/8
  2456 | D:3      | Gained mutation: You are robust. (+10% HP) [potion of
                  | mutation]
  2456 | D:3      | Gained mutation: You are agile. (Dex +2) [potion of
                  | mutation]
  2577 | D:3      | Reached skill level 1 in Armour
  3285 | D:3      | Found a stormy altar of Qazlal.
  3465 | D:4      | Reached skill level 1 in Maces & Flails
  3532 | D:4      | Reached XP level 6. HP: 45/45 MP: 0/10
  3612 | D:4      | Upgraded the game from 0.26-a0-291-g3d11bbfad5 to
                  | 0.26-a0-307-g4e7fcc93f0
  3811 | D:4      | Learned a level 4 spell: Fulminant Prism
  3879 | D:4      | Reached skill level 1 in Hexes
  3965 | D:4      | Noticed an ogre
  3972 | D:4      | Killed an ogre
  3998 | D:4      | Reached XP level 7. HP: 39/50 MP: 2/11
  4222 | D:4      | Found Ryunozxe's Antique Weapon Boutique.
  4383 | D:4      | Gained mutation: You are somewhat inexperienced. (-2 XL)
                  | [Ru sacrifice]
  4383 | D:4      | Reached XP level 6. HP: 45/45 MP: 10/10
  4383 | D:4      | Reached XP level 5. HP: 38/38 MP: 9/9
  4383 | D:4      | Reached * piety under Ru
  4383 | D:4      | Reached ** piety under Ru
  4560 | D:5      | Entered Level 5 of the Dungeon
  4592 | D:5      | Reached skill level 6 in Conjurations
  4628 | D:5      | Noticed a water moccasin
  4644 | D:5      | Killed a water moccasin
  4644 | D:5      | Reached XP level 6. HP: 29/45 MP: 0/10
  4838 | D:5      | Reached XP level 7. HP: 49/50 MP: 4/11
  4840 | D:5      | Reached skill level 1 in Staves
  5050 | D:5      | Got a translucent leather armour
  5064 | D:5      | Identified the +3 leather armour of Lifelessness {rC+ rN+
                  | Str+4} (You found it on level 5 of the Dungeon)
  5425 | D:5      | Noticed Grinder
  5437 | D:5      | Paralysed by Grinder for 2 turns
  5647 | D:5      | Found a staircase to the Ecumenical Temple.
  5647 | D:5      | Noticed Duvessa
  5647 | D:5      | Noticed Dowan
  5660 | D:5      | Killed Duvessa
  5660 | D:5      | Reached skill level 7 in Conjurations
  5673 | D:5      | Killed Dowan
  5821 | Temple   | Entered the Ecumenical Temple
  5847 | Temple   | Fell from the grace of Ru
  5847 | Temple   | Became a worshipper of Vehumet
  6011 | D:5      | Killed Grinder
  6011 | D:5      | Reached XP level 8. HP: 57/57 MP: 6/14
  6158 | D:5      | Learned a level 4 spell: Iskenderun's Mystic Blast
  6180 | D:6      | Noticed Pikel
  6735 | D:6      | Killed Pikel
  6735 | D:6      | Reached skill level 1 in Translocations
  7060 | D:6      | Found a sacrificial altar of Ru.
  7132 | D:7      | Learned a level 1 spell: Animate Skeleton
  7140 | D:7      | Reached XP level 9. HP: 59/62 MP: 12/16
  7147 | D:7      | Learned a level 1 spell: Apportation
  7158 | D:7      | Noticed a hippogriff
  7223 | D:7      | Found a burning altar of Makhleb.
  7266 | D:7      | Slain by a hippogriff

Illustrated notes

Levels and vault maps discovered:
D:1:      ncdulo_smallfort, layout_basic, hex_intersection,
          hangedman_decor_riveting, minmay_cupped
D:2:      layout_basic, grunt_temple_overflow_open
D:3:      layout_loops_ring, lemuel_doored_altar
D:4:      layout_cave_pools, serial_shops, nicolae_shop_stone,
          serial_column_ruins, column_ruins_open_small,
          column_ruins_columns_straight, column_ruins_grid_1,
          column_ruins_open_medium
D:5:      layout_basic, minmay_temple_entry_junction, uniq_duvessa, uniq_grinder
D:6:      layout_cave_pools, nicolae_ru_the_path_less_chosen, uniq_pikel
D:7:      layout_basic, demons_altar, nicolae_ossuary_entry_plus,
          minmay_statues_item, minmay_fire_ice_demons
Temple:   zaba_magenta_temple

Skill      XL: |  1  2  3  4  5  6  7  8 |
---------------+-------------------------+-----
Conjurations   | 5 6 7 |  7.5
Armour         | 1 2 |  2.8
Maces & Flails | 1 |  1.1
Stealth        | 3 |  3.0
Spellcasting   | 3 4 |  4.7
Hexes          | 4 3 |  4.4
Staves         | 2 4 |  4.3
Translocations | 2 |  2.1
Fighting       | |  0.1
Dodging        | |  2.6

Action                   |  1- 3 |  4- 6 |  7- 9 || total
-------------------------+-------+-------+-------++-------
Melee: Club              |     2 |       |       ||     2
       Mace              |    16 |    15 |       ||    31
       Quarterstaff      |       |    22 |    59 ||    81
Throw: Stone             |       |     4 |       ||     4
       Boomerang         |       |       |    16 ||    16
       Dart              |       |       |     1 ||     1
 Cast: Magic Dart        |    48 |    81 |    49 ||   178
       Searing Ray       |     8 |    22 |    14 ||    44
       Fulminant Prism   |       |     2 |     8 ||    10
Invok: Sacrifice Experie |       |     1 |       ||     1
  Use: Scroll            |     3 |     8 |    13 ||    24
       Potion            |     2 |     2 |     3 ||     7
 Stab: Sleeping          |     1 |       |     1 ||     2
Armor: Robe              |     1 |       |       ||     1
       Ring mail         |     5 |       |       ||     5
       Leather armour    |     1 |    20 |    30 ||    51
Dodge: Dodged            |    16 |    27 |    49 ||    92

Table legend:
 A = Non-vault XP
 B = Vault XP
 C = Vault XP percentage of total XP
 D = Non-vault monster count
 E = Vault monster count
 F = Vault count percentage of total count
                 A         B        C        D         E       F
            +---------+---------+-------+---------+---------+-------
      Total |    1576 |    1053 |  40.1 |     115 |       8 |   6.5
            +---------+---------+-------+---------+---------+-------
        D:1 |      51 |       5 |   8.9 |      29 |       4 |  12.1
        D:2 |      82 |       0 |   0.0 |      15 |       0 |   0.0
        D:3 |      73 |       0 |   0.0 |      23 |       0 |   0.0
        D:4 |     497 |       0 |   0.0 |      19 |       0 |   0.0
        D:5 |     545 |     477 |  46.7 |      19 |       3 |  13.6
        D:6 |     153 |     571 |  78.9 |       3 |       1 |  25.0
        D:7 |     175 |       0 |   0.0 |       7 |       0 |   0.0
            +---------+---------+-------+---------+---------+-------
